 Dungeon Crawl Stone Soup version 0.26.1-11-gd32895ea62 (webtiles) character file.

Game seed: 17989421943499876256

194 manyhoops the Ruffian (level 5, -4/41 (44) HPs)
             Began as a Palentonga Transmuter on Apr 24, 2021.
             Slain by Sigmund
             ... wielding a +0 scythe
              (6 damage)
             ... on level 3 of the Dungeon.
             The game lasted 00:08:43 (3959 turns).

manyhoops the Ruffian (Palentonga Transmuter)       Turns: 3959, Time: 00:08:43

HP:   -4/41 (44)    AC:  4    Str: 14    XL:     5   Next: 44%
MP:   8/8           EV:  9    Int: 14    God:
Gold: 78            SH:  3    Dex: 10    Spells: 5/8 levels left

rFire    . . .     SeeInvis +     - Unarmed
rCold    . . .     Faith    .   l - +0 buckler (curse)
rNeg     . . .     Spirit   .   a - +0 robe
rPois    .         Reflect  .   (no helmet)
rElec    .         Harm     .   (no cloak)
rCorr    .         Rampage  .   (no gloves)
Will     .....                  (no barding)
Stlth    +.........             (no amulet)
HPRegen  0.13/turn              (no ring)
MPRegen  0.11/turn              (no ring)

@: attractive, flying, drained
A: large, rugged brown scales 3, see invisible, deformed body, roll 1, armoured
tail
a: Rolling Charge


You were on level 3 of the Dungeon.
You visited 1 branch of the dungeon, and saw 3 of its levels.

You collected 78 gold pieces.

Inventory:

Armour
 a - a +0 robe (worn)
 l - a cursed +0 buckler (worn)
Scrolls
 b - a scroll of teleportation {unknown}
 c - a scroll of enchant armour {unknown}
 d - a scroll of blinking {unknown}
 e - a scroll of random uselessness {unknown}
 g - 3 scrolls of remove curse {unknown}
 k - a scroll of fog {unknown}
Potions
 f - a potion of attraction
 h - a potion of flight
 i - a potion of magic {unknown}
 j - a potion of degeneration {unknown}


   Skills:
 - Level 2.7 Fighting
 - Level 1.5 Dodging
 + Level 0.4 Shields
 - Level 5.5 Unarmed Combat
 - Level 2.0 Spellcasting
 - Level 2.0 Transmutations


You had 5 spell levels left.
You knew the following spells:

 Your Spells              Type           Power        Failure   Level
a - Beastly Appendage     Tmut           14%          16%         1
b - Wereblood             Tmut           7%           24%         2

Your spell library contained the following spells:

 Spells                   Type           Power        Failure   Level
 Spider Form              Tmut/Pois      2%           56%         3
 Ice Form                 Ice/Tmut       4%           93%         4
 Blade Hands              Tmut           3%           99%         5


Dungeon Overview and Level Annotations

Branches:
Dungeon (3/15)

Altars:
Hepliaklqana

Annotations:
D:3 Sigmund


Innate Abilities, Weirdness & Mutations

You are completely covered in rugged brown scales. (AC +3, +7% HP)
You have supernaturally acute eyesight. (SInv)
Armour fits poorly on your strangely shaped body.
You can roll at nearby foes to attack.
You have a long armoured tail.


Message History

The orc wizard hits you but does no damage.
The orc wizard hits you with a +0 club.
* * * LOW HITPOINT WARNING * * *
The orc wizard is no longer moving quickly.
The orc wizard points at you and mumbles some strange words.
The magic dart hits you!
* * * LOW HITPOINT WARNING * * *
You see here a +0 dagger.
You see here a +0 club.
It was a potion of attraction.
You feel attractive to monsters.
The orc wizard mumbles some strange words.
The orc wizard blinks!
Sigmund points at you and mumbles some strange words.
The puff of flame misses you. Sigmund is pulled toward you!
The orc wizard is pulled toward you!
It was a potion of flight.
You feel very buoyant.
You fly up into the air.
Sigmund hits you with a +0 scythe.
You die...

.#. ...#.# #.##...#####
...###...# #..#._..ยงยง.#
#........## ##.#...###.#
....#.....# #.######..#
#....##.### #..##..#.##
#####...#...# ##.###...#
##......#.#.## #..###.####
.....##......####.......(#
#..#........[o)@@.......<#
..#####.#..##.###........#
... ###...#.# #........#
###. #.#.@.# ###.###### #
#...........# #.# #
##..........###.#
#..............#####
#..........#.......#
.....>.....#.......#


You could see Sigmund (invisible) and an orc wizard.

Vanquished Creatures
  An orc priest (D:2)
  An orc wizard (D:3)
  Terence (D:2)
  2 gnolls (D:3)
  2 adders
  A worm (D:2)
  4 dart slugs
  A leopard gecko (D:2)
  12 orcs
  3 giant cockroaches
  6 goblins
  2 hobgoblins
  A ball python (D:2)
  5 bats
  4 frilled lizards
  5 kobolds
  7 rats
58 creatures vanquished.

Notes
Turn   | Place    | Note
-------+----------+-------------------------------------------
     0 | D:1      | manyhoops the Palentonga Transmuter began the quest for the
                  | Orb.
     0 | D:1      | Reached XP level 1. HP: 17/17 MP: 3/3
   412 | D:1      | Reached XP level 2. HP: 19/24 MP: 5/5
   920 | D:2      | Learned a level 2 spell: Wereblood
  1034 | D:2      | Reached XP level 3. HP: 30/31 MP: 6/6
  1109 | D:2      | Reached skill level 4 in Unarmed Combat
  2050 | D:3      | Found a hazy altar of Hepliaklqana.
  2091 | D:3      | HP: 1/31 [gnoll/+0 spear (12)]
  2096 | D:3      | Reached XP level 4. HP: 14/38 MP: 4/7
  2774 | D:3      | Reached skill level 5 in Unarmed Combat
  2795 | D:3      | Noticed Terence
  3106 | D:2      | Killed Terence
  3107 | D:2      | Reached XP level 5. HP: 15/36 MP: 6/8
  3935 | D:3      | Noticed Sigmund
  3954 | D:3      | HP: 1/41 [orc wizard/magic dart (10)]
  3959 | D:3      | Slain by Sigmund

Illustrated notes

Levels and vault maps discovered:
D:1:      lightli_arrival_windingriver, layout_loops_ring,
          chequers_serial_rivers_micro_d
D:2:      layout_loops_cross, minmay_misc_feat_doors
D:3:      layout_rooms, nzn_hepliaklqana_mist_gate, uniq_sigmund, uniq_terence

Skill      XL: |  1  2  3  4 |
---------------+-------------+-----
Unarmed Combat | 4 5 |  5.5
Fighting       | 2 |  2.7
Dodging        | |  1.5
Shields        | |  0.4
Spellcasting   | |  2.0
Transmutations | |  2.0

Action                   |  1- 3 |  4- 6 || total
-------------------------+-------+-------++-------
Melee: Unarmed           |   121 |    84 ||   205
       Tailslap          |     9 |     9 ||    18
       Kick              |     5 |     9 ||    14
       Punch             |     3 |     1 ||     4
       Headbutt          |     3 |     2 ||     5
 Cast: Beastly Appendage |     7 |     5 ||    12
       Wereblood         |     2 |     2 ||     4
 Abil: Rolling Charge    |     1 |     3 ||     4
  Use: Potion            |     2 |     2 ||     4
       Scroll            |     1 |       ||     1
 Stab: Sleeping          |     3 |       ||     3
Armor: Robe              |    35 |    21 ||    56
Dodge: Dodged            |    57 |    40 ||    97
Block: Buckler           |       |     2 ||     2
